 Dungeon Crawl Stone Soup version 0.23-a0-391-g8c51ad5 (webtiles) character file.

73 Cryolive the Digger (level 4, -2/24 HPs)
             Began as a Gargoyle Earth Elementalist on Oct 30, 2018.
             Slain by a gnoll
             ... wielding a +0 spear
              (4 damage)
             ... on level 2 of the Dungeon.
             The game lasted 00:03:15 (1804 turns).

Cryolive the Digger (Gargoyle Earth Elementalist)   Turns: 1804, Time: 00:03:15

Health: -2/24      AC:  5    Str: 12    XL:     4   Next: 27%
Magic:  3/8        EV: 14    Int: 16    God:
Gold:   101        SH:  0    Dex: 13    Spells: 5/9 levels left

rFire    . . .     SeeInvis .   h - +0 whip
rCold    . . .     Gourm    .   (no shield)
rNeg     + . .     Faith    .   c - +0 robe
rPois    ∞         Spirit   .   (no helmet)
rElec    +         Reflect  .   (no cloak)
rCorr    .         Harm     .   (no gloves)
MR       .....                  (no boots)
Stlth    ++........             (no amulet)
HPRegen  0.08/turn              f - +2 ring of evasion
MPRegen  0.11/turn              e - +3 ring of dexterity

@: no status effects
A: negative energy resistance 1, electricity resistance, unbreathing,
petrification resistance, rot immunity, AC +3
a: no special abilities


You were on level 2 of the Dungeon.
You were very hungry.

You visited 1 branch of the dungeon, and saw 2 of its levels.

You collected 101 gold pieces.

Inventory:

Hand Weapons
 h - a +0 whip (weapon)
Missiles
 b - 37 stones (quivered)
Armour
 c - a +0 robe (worn)
Jewellery
 e - a +3 ring of dexterity (right hand)
 f - a +2 ring of evasion (left hand)
Scrolls
 j - 2 scrolls of enchant weapon {unknown}
 k - a scroll of identify {unknown}
 m - a scroll of random uselessness {unknown}
 n - a scroll of remove curse {unknown}
 o - a scroll of immolation {unknown}
 p - a scroll of magic mapping {unknown}
Potions
 a - a potion of magic {unknown}
 g - a potion of brilliance {unknown}
 i - a potion of haste {unknown}
 l - a potion of flight {unknown}
Comestibles
 d - a ration


   Skills:
 - Level 1.5 Dodging
 - Level 2.1 Stealth
 + Level 3.0 Spellcasting
 + Level 1.4 Conjurations
   Level 0.7 Transmutations
 + Level 4.7 Earth Magic


You had 5 spell levels left.
You knew the following spells:

 Your Spells              Type           Power        Failure   Level  Hunger
a - Sandblast             Erth           ###...       2%          1    #......
b - Stone Arrow           Conj/Erth      ##....       16%         3    ###....

Your spell library contained the following spells:

 Spells                   Type           Power        Failure   Level  Hunger
 Passwall                 Tmut/Erth      ##......     9%          2    ##.....
 Petrify                  Tmut/Erth      ##......     52%         4    #####..
 Lee's Rapid Deconstruct  Erth           ###.......   58%         5    ######.


Dungeon Overview and Level Annotations

Branches:
Dungeon (2/15)

Altars:

Annotations:
D:2 Sigmund


Innate Abilities, Weirdness & Mutations

You are resistant to torment.
Your stone body is resilient. (AC +3)
You are immune to poison.
You resist negative energy. (rN+)
You are resistant to electric shocks. (rElec)
You can survive without breathing.
You are immune to petrification.
You are immune to rotting.


Message History

Okay, then.
Casting: Sandblast (safe; 2% risk of failure)
Confirm with . or Enter, or press ? or * to list all spells.
Aiming: Sandblast (safe; 2% risk of failure)
Press: ? - help, Shift-Dir - straight line, f/p - gnoll
Aim: a gnoll (almost dead)
The blast of sand hits the gnoll shaman.
The gnoll shaman is moderately wounded.
b - 38 stones The gnoll barely misses you.
Casting: Sandblast (safe; 2% risk of failure)
Confirm with . or Enter, or press ? or * to list all spells.
Aiming: Sandblast (safe; 2% risk of failure)
Press: ? - help, Shift-Dir - straight line, f/p - gnoll
Aim: a gnoll (almost dead)
The blast of sand hits the gnoll.
The gnoll is almost dead.
b - 37 stones The gnoll hits you with a +0 spear.
You die...

#.......)..## ..#
#..........# #....
#..........####..#
##.....##........#
#...#......####.#
#...#.[###...##.###
#.....## ###..#...#####
#...#########.##......†
#...##@g...........####
#...##gg.)......##..#
#..†##.........####.#
##.###.....[...# ..#
#..# #.........# ###
#)## #########.## ##.#
#..# #..# ##.# ##.##
#.#


You could see a gnoll shaman and 2 gnolls.

Vanquished Creatures
  An adder (D:2)
  3 gnolls (D:2)
  A worm (D:2)
  A dart slug (D:1)
  2 leopard geckos
  A ball python (D:1)
  A giant cockroach (D:1)
  5 goblins (D:1)
  A hobgoblin (D:1)
  8 bats
  3 frilled lizards
  4 kobolds
  2 rats
33 creatures vanquished.

Notes
Turn   | Place    | Note
-------+----------+-------------------------------------------
     0 | D:1      | Cryolive the Gargoyle Earth Elementalist began the quest
                  | for the Orb.
     0 | D:1      | Reached XP level 1. HP: 10/10 MP: 3/3
   437 | D:1      | Reached skill level 4 in Earth Magic
   437 | D:1      | Reached XP level 2. HP: 12/15 MP: 5/5
  1203 | D:2      | Reached XP level 3. HP: 18/19 MP: 6/6
  1208 | D:2      | Learned a level 3 spell: Stone Arrow
  1374 | D:2      | Noticed Sigmund
  1519 | D:2      | Reached skill level 1 in Conjurations
  1521 | D:2      | Reached XP level 4. HP: 9/24 MP: 4/8
  1804 | D:2      | Slain by a gnoll

Vault maps used:
D:1:      elethiomel_arrival_maze
D:2:      makhleb_blood_cavern_becter, uniq_sigmund

Skill      XL: |  1  2  3 |
---------------+----------+-----
Earth Magic    | 4 |  4.7
Conjurations   | 1 |  1.4
Spellcasting   | 3 |  3.0
Dodging        | |  1.5
Stealth        | |  2.1
Transmutations | |  0.7

Action                   |  1- 3 |  4- 6 || total
-------------------------+-------+-------++-------
Melee: Unarmed           |    53 |       ||    53
       Whip              |    83 |     1 ||    84
 Cast: Sandblast         |     8 |    12 ||    20
 Stab: Sleeping          |     6 |       ||     6
  Eat: Chunk             |     2 |       ||     2
Armor: Robe              |    54 |     3 ||    57
Dodge: Dodged            |   137 |     8 ||   145

Table legend:
 A = Non-vault XP
 B = Vault XP
 C = Vault XP percentage of total XP
 D = Non-vault monster count
 E = Vault monster count
 F = Vault count percentage of total count
                 A         B        C        D         E       F
            +---------+---------+-------+---------+---------+-------
      Total |     105 |       0 |   0.0 |      33 |       0 |   0.0
            +---------+---------+-------+---------+---------+-------
        D:1 |      32 |       0 |   0.0 |      19 |       0 |   0.0
        D:2 |      73 |       0 |   0.0 |      14 |       0 |   0.0
            +---------+---------+-------+---------+---------+-------
